 Dungeon Crawl Stone Soup version 0.20-a0-11-ga97c7b5 (webtiles) character file.

93 Maramoto the Digger (level 4, -1/36 HPs)
             Began as a Gargoyle Earth Elementalist on Nov 2, 2016.
             Slain by a sky beast (3 damage)
             ... on level 3 of the Dungeon.
             The game lasted 00:06:12 (2625 turns).

Maramoto the Digger (Gargoyle Earth Elementalist)   Turns: 2625, Time: 00:06:13

Health: -1/36      AC:  6    Str: 16    XL:     4   Next: 62%
Magic:  9/9        EV: 12    Int: 17    God:
Gold:   192        SH:  0    Dex: 10    Spells: 2 memorised, 6 levels left

rFire  . . .     SeeInvis .     j - +1 spear
rCold  . . .     Gourm    .     c - +0 robe
rNeg   + . .     Faith    .     (no shield)
rPois  ∞         Spirit   .     g - +0 helmet
rElec  +         Reflect  .     (no cloak)
rCorr  .         Harm     .     (no gloves)
MR     .....                    (no boots)
Stlth  ..........               (no amulet)
                                (no ring)
                                (no ring)

@: mighty, berserking, very quick
A: negative energy resistance 1, electricity resistance, unbreathing,
petrification resistance, rot immunity, AC +3
a: no special abilities


You were on level 3 of the Dungeon.
You were not hungry.

You visited 1 branch of the dungeon, and saw 3 of its levels.

You collected 192 gold pieces.

Inventory:

Hand Weapons
 f - a +0 club
 j - a +1 spear (weapon)
 o - a +3 mace
Missiles
 b - 44 stones (quivered)
Armour
 c - a +0 robe (worn)
 g - a +0 helmet (worn)
Wands
 m - a wand of confusion (30/48)
Scrolls
 i - 2 scrolls of remove curse
Potions
 h - 3 potions of might
Books
 e - a book of Geomancy

   Spells                             Type                      Level
   a - Sandblast                      Earth                        1
   b - Passwall                       Transmutation/Earth          2
   c - Stone Arrow                    Conjuration/Earth            3
   d - Petrify                        Transmutation/Earth          4
   e - Lee's Rapid Deconstruction     Earth                        5
Comestibles
 a - 2 meat rations
 d - a bread ration
 k - 4 fruits


   Skills:
 - Level 1.5 Dodging
 - Level 2.1 Stealth
 * Level 3.5 Spellcasting
 + Level 0.9 Conjurations
   Level 0.7 Transmutations
 + Level 4.7 Earth Magic


You had 6 spell levels left.
You knew the following spells:

 Your Spells              Type           Power        Failure   Level  Hunger
a - Sandblast             Erth           ###...       2%          1    None
b - Stone Arrow           Conj/Erth      ##....       17%         3    ###....


Dungeon Overview and Level Annotations

Branches:
Dungeon (3/15)

Altars:
Hepliaklqana
Xom


Innate Abilities, Weirdness & Mutations

You are resistant to torment.
Your stone body is resilient. (AC +3)
You are immune to poison.
You resist negative energy. (rN+)
You are resistant to electric shocks. (rElec)
You can survive without breathing.
You are immune to petrification.
You are immune to rotting.


Message History

You miss something. Something barely misses you.
You miss something. Something barely misses you. Something hits you.
* * * LOW HITPOINT WARNING * * *
Something shocks you. You resist.
* * * LOW HITPOINT WARNING * * *
You feel very mighty all of a sudden. Something hits you.
* * * LOW HITPOINT WARNING * * *
Something shocks you. You resist.
* * * LOW HITPOINT WARNING * * *
It was a potion of berserk rage.
A red film seems to cover your vision as you go berserk!
You feel yourself moving faster!
You feel mighty! Something hits you but does no damage.
You closely miss something. You hit something.
Something hits you but does no damage.
You closely miss something. Something hits you but does no damage.
You miss something. You miss something. Something hits you.
You die...

#.#.## ..#..#
...##.# ... #.#
.... #.## . #..#
... ##.#
.....###.###.#
......)@.....#
....#####)##....
. ... .# ..#.#
... # #.#. ....
.. ..


There were no monsters in sight!

Vanquished Creatures
  3 adders (D:2)
  An ooze (D:1)
  A worm (D:2)
  3 dart slugs
  2 leopard geckos (D:2)
  3 ball pythons
  5 giant cockroaches
  4 goblins
  3 hobgoblins
  3 jackals (D:2)
  7 bats
  A frilled lizard (D:2)
  9 kobolds
  6 rats (D:2)
51 creatures vanquished.

Notes
Turn   | Place    | Note
-------+----------+-------------------------------------------
     0 | D:1      | Maramoto the Gargoyle Earth Elementalist began the quest for the Orb.
     0 | D:1      | Reached XP level 1. HP: 10/10 MP: 3/3
   301 | D:1      | Reached XP level 2. HP: 12/15 MP: 0/5
   567 | D:1      | Reached skill level 4 in Earth Magic
  1283 | D:2      | Reached XP level 3. HP: 13/19 MP: 4/7
  1296 | D:2      | Learned a level 3 spell: Stone Arrow
  1422 | D:2      | Found a shimmering altar of Xom.
  1423 | D:2      | Found a hazy altar of Hepliaklqana.
  1423 | D:2      | Noticed an earth elemental
  1424 | D:2      | Noticed a spectral ugly thing
  1424 | D:2      | Noticed an earth elemental
  1810 | D:2      | Reached XP level 4. HP: 24/24 MP: 8/8
  2608 | D:3      | Noticed a sky beast
  2619 | D:3      | HP: 1/24 [something (2)]
  2625 | D:3      | Slain by a sky beast

Vault maps used:
D:1:      sevenhm_arrival_forest_fort_large_2
D:2:      regret_index_temple_of_mockery
D:3:      minmay_roachtagon, first_bread, elyvilon_altar_1

Skill      XL: |  1  2  3 |
---------------+----------+-----
Earth Magic    | 4 |  4.7
Spellcasting   | 3 |  3.5
Dodging        | |  1.5
Stealth        | |  2.1
Conjurations   | |  0.9
Transmutations | |  0.7

Action                   |  1- 3 |  4- 6 || total
-------------------------+-------+-------++-------
Melee: Spear             |    96 |    75 ||   171
       Club              |    24 |       ||    24
 Cast: Sandblast         |    18 |       ||    18
       Stone Arrow       |       |     1 ||     1
  Use: Scroll            |     7 |     1 ||     8
       Potion            |       |     2 ||     2
 Stab: Sleeping          |     4 |     4 ||     8
  Eat: Chunk             |     3 |     3 ||     6
Armor: Robe              |    43 |    21 ||    64
Dodge: Dodged            |    77 |    34 ||   111
